 Dungeon Crawl Stone Soup version 0.19.3-1-g3169bf9 (webtiles) character file.

5845 Alarkh the Cleaver (level 10, -11/75 (76) HPs)
             Began as a Demonspawn Monk on Jan 25, 2017.
             Was a High Priest of Okawaru.
             Mangled by a komodo dragon (23 damage)
             ... on level 1 of the Lair of Beasts.
             The game lasted 00:13:22 (8841 turns).

Alarkh the Cleaver (Demonspawn Monk)                Turns: 8841, Time: 00:13:23

HP:   -11/75 (76)   AC: 15    Str: 11      XL:     10   Next: 51%
MP:   0/10          EV: 10    Int: 14 (15) God:    Okawaru [*****.]
Gold: 455           SH:  6    Dex: 21      Spells: 0 memorised, 9 levels left

rFire  . . .     SeeInvis .     q - -1 battleaxe (curse)
rCold  . . .     Gourm    +     y - +1 chain mail of Weirdness {MR+ rCorr Slay+3}
rNeg   + . .     Faith    .     (shield currently unavailable)
rPois  .         Spirit   +     J - +2 helmet
rElec  .         Reflect  .     (no cloak)
rCorr  +         Harm     .     (no gloves)
MR     +....                    (no boots)
Stlth  +.........               s - amulet of the gourmand
                                N - +5 ring of dexterity
                                A - ring of positive energy

@: heroism
A: claws 1, large bone plates 2, powered by death 2, magic shield
a: Heroism, Finesse, Renounce Religion


You were on level 1 of the Lair of Beasts.
You worshipped Okawaru.
Okawaru was extremely pleased with you.
You were completely stuffed.

You visited 3 branches of the dungeon, and saw 11 of its levels.

You collected 455 gold pieces.

Inventory:

Hand Weapons
 a - a +0 hand axe
 q - a cursed -1 battleaxe (weapon)
Armour
 b - a +0 robe
 y - the +1 chain mail of Weirdness (worn) {MR+ rCorr Slay+3}
   (You found it on level 4 of the Dungeon)

   It affects your accuracy and damage with ranged weapons and melee attacks
   (+3).
   It affects your resistance to hostile enchantments.
   It protects you from acid and corrosion.
 J - a +2 helmet (worn)
 M - the +0 buckler "Gewkudaq" {rElec rC+ Regen+}
   (Okawaru gifted it to you on level 7 of the Dungeon)

   It protects you from cold.
   It insulates you from electricity.
   It increases your rate of regeneration.
Magical Staves
 O - an uncursed staff of cold {unknown}
Jewellery
 s - an amulet of the gourmand (around neck)
 A - a ring of positive energy (left claw)
 N - a +5 ring of dexterity (right claw)
Wands
 D - a wand of paralysis (24/24)
 G - a wand of confusion (17/48)
 I - a wand of flame (21/48)
 Q - a wand of enslavement (12/24)
Scrolls
 d - 4 scrolls of magic mapping
 e - 2 scrolls of identify
 g - a scroll of fog
 j - 3 scrolls of blinking
 k - 9 scrolls of remove curse
 l - 2 scrolls of random uselessness {unknown}
 m - 2 scrolls of noise
 o - a scroll of teleportation
 r - 2 scrolls of amnesia
 x - a scroll of recharging
 C - 2 scrolls of enchant armour {unknown}
 F - a scroll of vulnerability {unknown}
 H - 2 scrolls of immolation
 K - a scroll of summoning {unknown}
 L - a scroll of fear {unknown}
Potions
 f - a potion of ambrosia
 h - 2 potions of curing
 i - a potion of degeneration
 n - a potion of resistance
 p - a potion of invisibility
 w - a potion of agility
 R - 2 potions of might
 T - a potion of heal wounds
Books
 v - a book of Conjurations

   Spells                             Type                      Level
   a - Magic Dart                     Conjuration                  1
   b - Searing Ray                    Conjuration                  2
   c - Dazzling Spray                 Conjuration/Hexes            3
   d - Fulminant Prism                Conjuration/Hexes            4
   e - Iskenderun's Mystic Blast      Conjuration                  4
   f - Iskenderun's Battlesphere      Conjuration/Charms           5
 S - a book of Battle

   Spells                             Type                      Level
   a - Infusion                       Charms                       1
   b - Shroud of Golubria             Charms/Translocation         2
   c - Song of Slaying                Charms                       2
   d - Spectral Weapon                Hexes/Charms                 3
   e - Regeneration                   Charms/Necromancy            3
Comestibles
 c - 8 bread rations
 t - 2 meat rations
 u - 4 beef jerkies
 z - a royal jelly
 B - 2 slices of pizza
 E - 6 fruits
 P - a chunk of flesh


   Skills:
 + Level 5.8(10.8) Fighting
 * Level 12.4(17.4) Axes
 + Level 4.0(9.0) Armour
 + Level 5.1(10.1) Dodging
 - Level 1.7(6.7) Stealth


You had 9 spell levels left.
You didn't know any spells.

Dungeon Overview and Level Annotations

Branches:
Dungeon (9/15)             Temple (1/1) D:6            Lair (1/6) D:9
    Orc: D:9-12

Altars:
Ashenzari
Cheibriados
Dithmenos
Elyvilon
Fedhas
Gozag
Hepliaklqana
Kikubaaqudgha
Makhleb
Nemelex Xobeh
Okawaru
Qazlal
Ru
Sif Muna
Trog
Uskayaw
Vehumet
Xom
Yredelemnul
Zin
The Shining One

Shops:
D:4 [   D:5 [


Innate Abilities, Weirdness & Mutations

You have sharp fingernails.
You are mostly covered in large bone plates. (SH +6)
You regenerate health from kills.
When hurt, damage is shared between your health and your magic reserves.


Message History

The komodo dragon bites you.
You slash the komodo dragon!
The komodo dragon is moderately wounded.
You block the komodo dragon's attack.
You slash the komodo dragon!
The komodo dragon is severely wounded.
You block the komodo dragon's attack.
You hit the komodo dragon.
The komodo dragon is severely wounded.
The komodo dragon bites you!!
* * * LOW HITPOINT WARNING * * *
You are too injured to fight recklessly!
You are too injured to fight recklessly!
You gain the combat prowess of a mighty hero.
The komodo dragon bites you!
* * * LOW HITPOINT WARNING * * *
You slash the komodo dragon!
The komodo dragon is almost dead.
The komodo dragon bites you!!
You die...

.........# ..........#
.........## .........#
#########
........####.......##
#.......# #.........#
.......## #.........##
.......# ##..........#
.8....## #......@....#
#..#..#
##.......l.....#
#..#.##
#.............## #....#
#...........[.#
.....####............##
.##..##P.............#
..##.................#
......##............##
.###..#.##.........#


You could see a komodo dragon.

Vanquished Creatures
  A death yak (D:9)
  A spiny frog (Lair:1)
  The ghost of Alarkh the Carver, an amateur HEMo (D:5)
  2 yaks (D:9)
  Duvessa (D:5)
  A water moccasin (Lair:1)
  2 sky beasts
  A porcupine (Lair:1)
  3 orc warriors
  An ice beast (D:8)
  A necrophage (D:8)
  2 ogres
  7 centaurs
  A crocodile (Lair:1)
  A big kobold (D:7)
  8 bullfrogs
  A gnoll sergeant (D:6)
  Dowan (D:5)
  A wyvern skeleton (D:7)
  4 scorpions
  7 wights
  3 howler monkeys
  4 crimson imps
  3 bullfrog zombies
  3 orc wizards
  2 quasits
  A gnoll shaman (D:8)
  A bullfrog skeleton (D:4)
  4 hounds
  2 jellies (D:9)
  4 orc priests
  2 centaur skeletons
  2 iguanas
  5 worker ants
  3 hound skeletons
  2 hound zombies
  9 gnolls
  10 adders
  5 shadow imps
  5 oozes
  3 adder skeletons
  An adder zombie (D:7)
  3 worms
  2 dart slugs (D:2)
  3 leopard geckos
  28 orcs
  3 ball pythons
  6 bats
  2 giant cockroaches
  9 hobgoblins
  9 jackals
  13 kobolds
  4 quokkas
  7 frilled lizards
  6 goblins
  A jackal skeleton (D:7)
  A jackal zombie (D:5)
  A leopard gecko skeleton (D:7)
  3 quokka skeletons
  A quokka zombie (D:5)
  6 rats
230 creatures vanquished.

Notes
Turn   | Place    | Note
-------+----------+-------------------------------------------
     0 | D:1      | Alarkh the Demonspawn Monk began the quest for the Orb.
     0 | D:1      | Reached XP level 1. HP: 18/18 MP: 1/1
   214 | D:1      | Reached skill level 3 in Axes
   416 | D:1      | Gained mutation: You regenerate a little health from kills. [demonic ancestry]
   416 | D:1      | Reached XP level 2. HP: 24/24 MP: 2/2
   532 | D:1      | Found a snail-covered altar of Cheibriados.
   902 | D:2      | Found an iron altar of Okawaru.
  1060 | D:2      | Became a worshipper of Warmaster Okawaru
  1060 | D:2      | Reached * piety under Okawaru
  1060 | D:2      | Reached ** piety under Okawaru
  1082 | D:2      | Gained mutation: You regenerate health from kills. [demonic ancestry]
  1082 | D:2      | Reached XP level 3. HP: 16/29 MP: 3/3
  1103 | D:2      | Found a faded altar of an unknown god.
  1185 | D:2      | Reached skill level 4 in Axes
  1724 | D:2      | Found a deep blue altar of Sif Muna.
  1947 | D:3      | Gained mutation: You are partially covered in large bone plates. (SH +4) [demonic ancestry]
  1947 | D:3      | Reached XP level 4. HP: 23/35 MP: 4/4
  2770 | D:3      | Reached skill level 5 in Axes
  2873 | D:4      | Reached XP level 5. HP: 34/41 MP: 5/5
  3460 | D:4      | Reached skill level 6 in Axes
  3645 | D:4      | Found Atopan's Antique Armour Shoppe.
  3831 | D:4      | Got a heavily runed chain mail
  3842 | D:4      | Identified the +1 chain mail of Weirdness {MR+ rCorr Slay+3} (You found it on level 4 of the Dungeon)
  3861 | D:5      | Entered Level 5 of the Dungeon
  3898 | D:5      | Noticed Duvessa
  3899 | D:5      | Noticed Dowan
  3905 | D:5      | Noticed a sky beast
  3923 | D:5      | Killed Duvessa
  3923 | D:5      | Reached XP level 6. HP: 17/47 MP: 6/6
  3927 | D:5      | Killed Dowan
  4077 | D:5      | Noticed Alarkh's ghost (amateur HEMo)
  4085 | D:5      | Killed Alarkh's ghost
  4085 | D:5      | Reached *** piety under Okawaru
  4085 | D:5      | Reached skill level 7 in Axes
  4085 | D:5      | Gained mutation: You are mostly covered in large bone plates. (SH +6) [demonic ancestry]
  4085 | D:5      | Reached XP level 7. HP: 51/52 MP: 4/7
  4180 | D:5      | Reached skill level 8 in Axes
  4294 | D:5      | Found Ynkuli's Antique Armour Shop.
  4571 | D:5      | Reached skill level 9 in Axes
  4571 | D:5      | Gained mutation: When hurt, damage is shared between your health and your magic reserves. [demonic ancestry]
  4571 | D:5      | Reached XP level 8. HP: 27/58 MP: 8/8
  4827 | D:6      | Found a staircase to the Ecumenical Temple.
  4836 | D:6      | Reached **** piety under Okawaru
  4877 | Temple   | Entered the Ecumenical Temple
  5109 | D:6      | Reached skill level 10 in Axes
  5548 | D:6      | Found an opulent altar of Gozag.
  6050 | D:7      | Reached skill level 11 in Axes
  6050 | D:7      | Gained mutation: You have sharp fingernails. [demonic ancestry]
  6050 | D:7      | Reached XP level 9. HP: 61/63 MP: 7/9
  6155 | D:7      | Reached ***** piety under Okawaru
  6171 | D:7      | Reached skill level 1 in Armour
  6351 | D:7      | Received a gift from Okawaru
  6352 | D:7      | Got a heavily runed buckler {god gift}
  6394 | D:7      | Identified the +0 buckler "Gewkudaq" {rElec rC+ Regen+} (Okawaru gifted it to you on level 7 of the Dungeon)
  6949 | D:8      | Found a sparkling altar of Nemelex Xobeh.
  6956 | D:8      | Found a white marble altar of Elyvilon.
  7702 | D:9      | Found a staircase to the Lair.
  7705 | D:9      | Noticed a death yak
  7733 | D:9      | Killed a death yak
  7733 | D:9      | Reached skill level 5 in Fighting
  7733 | D:9      | Reached skill level 12 in Axes
  7733 | D:9      | Reached XP level 10. HP: 9/73 MP: 0/10
  8368 | Lair:1   | Entered Level 1 of the Lair of Beasts
  8597 | Lair:1   | Noticed a spiny frog
  8603 | Lair:1   | Reached skill level 5 in Dodging
  8608 | Lair:1   | Killed a spiny frog
  8841 | Lair:1   | Mangled by a komodo dragon

Skill      XL: |  1  2  3  4  5  6  7  8  9 10 |
---------------+-------------------------------+-----
Axes           | 3 4 5 6 7 9 11 12 | 12.4
Armour         | 3 4 |  4.0
Dodging        | 4 5 |  5.1
Fighting       | 5 |  5.8
Stealth        | |  1.7

Action                   |  1- 3 |  4- 6 |  7- 9 | 10-12 || total
-------------------------+-------+-------+-------+-------++-------
Melee: Hand axe          |   158 |   192 |   667 |       ||  1017
       Punch             |       |     1 |       |       ||     1
       Battleaxe         |       |       |    26 |    87 ||   113
Invok: Heroism           |       |     1 |     4 |     3 ||     8
  Use: Scroll            |       |     4 |     9 |     1 ||    14
       Potion            |       |     4 |     2 |       ||     6
 Stab: Sleeping          |     5 |     2 |       |       ||     7
  Eat: Chunk             |     3 |    16 |    15 |     4 ||    38
Armor: Robe              |    15 |    19 |       |       ||    34
       Chain mail        |       |    19 |   295 |    34 ||   348
       Skin              |       |       |    27 |       ||    27
Dodge: Dodged            |    86 |   114 |   122 |    31 ||   353
Block: Other             |       |    40 |   125 |    27 ||   192
       Buckler           |       |       |    75 |       ||    75
